Map: Simulacro LE

Players

LowLinK

  • Race: Protoss Protoss
  • League: Diamond
  • Spawn Location: 5:00

Odrade - Winner!

  • Race: Zerg Zerg
  • League: Gold
  • Spawn Location: 11:00

VOD

Have the link to the VOD?

Description

Time

  • Played on: Feb. 20, 2020, 1:01 p.m.
  • Length: 10:08
Show
View Real Time Build Order
Export as new Build Order

LowLinK Protoss 

Build Orders: Zealot Archon 

Get SALT Encoding   

  12  0:01  Probe  
  13  0:13  Probe  
  14  0:17  Pylon  
  14  0:25  Probe  
  15  0:36  Gateway  
  15  0:38  Probe (Chrono Boost)  
  16  0:47  Probe (Chrono Boost), Assimilator  
  17  0:52  Probe (Chrono Boost)  
  18  0:58  Assimilator  
  18  1:04  Probe  
  19  1:16  Probe  
  20  1:21  Pylon  
  20  1:24  Cybernetics Core  
  20  1:28  Probe  
  21  1:40  Probe  
  22  1:47  Gateway  
  22  1:53  Probe  
  23  1:58  Pylon  
  23  2:01  Warp Gate  
  23  2:06  Forge  
  23  2:11  Twilight Council  
  23  2:22  Gateway  
  23  2:31  Protoss Ground Weapons Level 1 (Chrono Boost)  
  23  2:37  Gateway  
  23  2:48  Gateway  
  23  2:55  Charge  
  23  3:14  Pylon  
  23  3:18  Pylon  
  23  3:35  Templar Archives  
  23  3:49  Zealot x2  
  23  3:50  Zealot x2  
  23  3:53  Zealot  
  33  4:10  Zealot x2  
  33  4:13  Zealot  
  33  4:16  High Templar  
  41  4:18  High Templar  
  41  4:22  Archon  
  43  4:31  Zealot  
  43  4:33  Zealot  
  47  4:39  High Templar  
  49  4:49  Zealot  
  49  4:51  Zealot  
  53  5:04  Pylon  
  53  5:07  High Templar  
  55  5:16  Archon  
  55  5:41  Stalker x3  
  55  5:42  Zealot x2  
  37  6:15  Zealot  
  37  6:16  Zealot x4  
  47  6:31  High Templar  
  49  6:35  High Templar  
  49  6:36  Zealot  
  49  6:37  Zealot x2  
  49  6:39  Archon  
  51  7:12  Zealot x2  
  51  7:13  Zealot, Stalker x2  
  47  7:46  Stalker x3  
  47  7:47  Stalker  
  39  8:08  Stalker  
  39  8:11  High Templar, Zealot  
  39  8:12  Zealot  
  47  8:18  Zealot  
  49  8:32  High Templar  
  49  8:33  Zealot  
  53  8:34  Zealot  
  53  8:39  Archon  
  55  8:47  Stalker  
  57  8:53  Probe  
  34  9:19  Stalker x3  
  37  9:35  Stalker  
  31  9:46  Stalker  
  31  9:52  Zealot  
Show
View Real Time Build Order
Export as new Build Order

Odrade Zerg - Winner!

Build Orders: Hatch First 

Get SALT Encoding   

  12  0:01  Drone  
  13  0:12  Overlord  
  13  0:17  Drone  
  14  0:31  Drone x2  
  16  0:36  Drone  
  17  0:46  Drone  
  18  0:57  Hatchery  
  17  1:10  Spawning Pool  
  16  1:12  Extractor  
  16  1:14  Drone  
  16  1:18  Drone  
  17  1:22  Drone  
  18  1:29  Drone  
  19  1:42  Overlord  
  19  1:51  Overlord  
  19  1:56  Queen  
  21  2:02  Zergling x2  
  22  2:09  Queen  
  22  2:10  Zergling x2  
  22  2:13  Zergling x2  
  26  2:17  Metabolic Boost  
  26  2:21  Drone  
  27  2:23  Drone  
  28  2:33  Queen  
  30  2:45  Queen  
  30  2:50  Overlord  
  32  2:54  Drone  
  33  3:01  Drone x3  
  36  3:09  Drone x2  
  38  3:14  Drone x2  
  38  3:16  Drone  
  41  3:25  Queen  
  43  3:32  Drone x3  
  46  3:39  Lair  
  46  3:41  Spore Crawler  
  46  3:46  Spore Crawler  
  44  3:59  Roach Warren  
  44  4:00  Queen  
  44  4:01  Drone x2  
  47  4:09  Drone  
  49  4:10  Drone x4  
  52  4:40  Pneumatized Carapace  
  52  4:42  Overseer  
  52  4:46  Overlord x4  
  52  4:52  Extractor  
  51  5:06  Roach x8  
  67  5:08  Overlord x2  
  67  5:09  Spore Crawler x2  
  67  5:12  Drone x3  
  70  5:28  Roach  
  70  5:29  Roach x3  
  70  5:33  Roach  
  77  5:37  Roach  
  77  5:39  Zergling x6  
  79  5:46  Roach  
  79  5:47  Roach  
  72  5:56  Roach  
  72  5:57  Zergling x2  
  72  5:58  Zergling x4  
  72  6:03  Queen  
  72  6:04  Queen  
  76  6:20  Overlord x3  
  76  6:31  Extractor x2  
  76  6:32  Drone  
  75  6:33  Drone x8  
  83  6:50  Drone x4  
  83  6:51  Drone  
  86  7:02  Roach  
  86  7:04  Roach x2  
  86  7:05  Roach  
  85  7:14  Roach x2  
  85  7:15  Roach x3  
  81  7:27  Spine Crawler  
  81  7:28  Spine Crawler x2  
  78  7:31  Glial Reconstitution  
  78  7:35  Burrow  
  78  7:38  Roach x3  
  74  7:53  Roach  
  66  8:01  Roach x3  
  66  8:06  Ravager x2  
  68  8:17  Roach x6  
  68  8:18  Roach  
  82  8:23  Hatchery  
  81  8:28  Roach x2  
  81  8:29  Roach x2  
  89  8:36  Evolution Chamber  
  89  8:37  Evolution Chamber  
  87  8:42  Ravager x2  
  87  8:43  Ravager x3  
  87  8:47  Queen  
  86  9:14  Roach  
  86  9:15  Roach x7  
  96  9:27  Roach  
  96  9:29  Ravager  
  97  9:37  Roach x8  
  91  9:40  Roach x8  
  91  9:42  Roach x8  
Tags
 
Add a new tag
Caveats
  • Supply blocks, unpowered buildings, or Contaminate may cause inaccurate times.
  • Supply counts are checked every 10 seconds.